 Dungeon Crawl Stone Soup version 0.28.0-43-g3370ac3207 (webtiles) character file.

Game seed: 7978853025765024976

4228 adizb the Grappler (level 10, -23/96 HPs)
             Began as a Troll Monk on Mar 12, 2022.
             Was an Elder of Makhleb.
             Annihilated by a boulder beetle (54 damage)
             ... on level 6 of the Dungeon.
             The game lasted 00:27:21 (4602 turns).

adizb the Grappler (Troll Monk)                     Turns: 4602, Time: 00:27:22

Health: -23/96     AC: 12    Str: 23    XL:     10   Next: 9%
Magic:  14/14      EV: 11    Int:  6    God:    Makhleb [****..]
Gold:   392        SH:  0    Dex: 14    Spells: 9/9 levels left

rFire   + . .      SeeInvis .     - Unarmed
rCold   . . .      Faith    .   (no shield)
rNeg    . . .      Spirit   .   c - +2 troll leather armour {Pargi}
rPois   .          Reflect  .   (helmet restricted)
rElec   .          Harm     .   q - +2 cloak {Will+}
rCorr   .          Rampage  .   (gloves unavailable)
Will    +....                   (boots unavailable)
Stlth   +.........              (no amulet)
HPRegen 1.86/turn               (no ring)
MPRegen 0.14/turn               (no ring)

@: no status effects
A: large, unfitting armour, claws 3, regeneration 1, shaggy fur 2, tough skin 1,
fire resistance 1
a: Renounce Religion, Minor Destruction, Lesser Servant of Makhleb, Major
Destruction


You were on level 6 of the Dungeon.
You worshipped Makhleb.
Makhleb was greatly pleased with you.
You visited 1 branch of the dungeon, and saw 7 of its levels.
You also visited: Ossuary.

You collected 392 gold pieces.

Inventory:

Missiles
 f - 6 poisoned darts
 i - 8 boomerangs
 D - 2 atropa-tipped darts
Armour
 a - a +0 robe
 c - a +2 troll leather armour (worn) {Pargi}
 h - a +0 cloak
 q - a +2 cloak of willpower (worn)
Jewellery
 y - a ring of magical power
Wands
 r - a wand of mindburst (23)
 s - a wand of polymorph (9)
 x - a wand of paralysis (7)
Scrolls
 b - 2 scrolls of magic mapping {unknown}
 d - 4 scrolls of teleportation
 k - a scroll of brand weapon {unknown}
 o - 3 scrolls of fear
 t - 2 scrolls of amnesia {unknown}
 v - a scroll of holy word {unknown}
 C - a scroll of enchant weapon {unknown}
 E - a scroll of immolation {unknown}
Potions
 e - 3 potions of curing
 g - a potion of haste
 j - 2 potions of ambrosia
 l - 2 potions of heal wounds
 m - a potion of flight {unknown}
 n - 2 potions of might {unknown}
 p - 2 potions of cancellation {unknown}
 u - 3 potions of invisibility
 w - 2 potions of mutation
 z - a potion of brilliance {unknown}
 A - 2 potions of attraction {unknown}


   Skills:
 + Level 5.3 Fighting
 + Level 5.3 Dodging
 - Level 1.0 Stealth
 + Level 4.5 Shields
 * Level 8.4 Unarmed Combat
 * Level 6.8 Invocations


You had 9 spell levels left.
You didn't know any spells.
Your spell library contained the following spells:

 Spells                   Type           Power      Damage    Failure   Level
 Sublimation of Blood     Necr           0%         N/A       65%         2
 Petrify                  Tmut/Erth      0%         N/A       99%         4
 Irradiate                Conj/Tmut      0%         3d13      100%        5
 Malign Gateway           Summ/Tloc      0%         N/A       100%        7
 Summon Horrible Things   Summ           0%         N/A       100%        8


Dungeon Overview and Level Annotations

Branches:
Dungeon (7/15)             Temple (0/1) D:6         Ossuary (visited)

Altars:
Kikubaaqudgha
Makhleb
The Shining One

Annotations:
D:6 2 runed translucent doors


Innate Abilities, Weirdness & Mutations

You are too large for most types of armour.
You have claws for hands.
Your natural rate of healing is unusually fast.
You are covered in thick fur. (AC +2)
You have tough skin. (AC +1)
Your flesh is heat resistant. (rF+)


Message History

You scratch the boulder beetle.
The boulder beetle is almost dead.
The boulder beetle bites you!!
* * * LOW HITPOINT WARNING * * *
You scratch the boulder beetle but do no damage.
The boulder beetle is almost dead.
You feel much better. The boulder beetle closely misses you.
You scratch the boulder beetle but do no damage.
The boulder beetle is almost dead.
The boulder beetle bites you!
You scratch the boulder beetle but do no damage.
The boulder beetle is almost dead.
The boulder beetle bites you but does no damage.
You scratch the boulder beetle but do no damage.
The boulder beetle is almost dead.
The boulder beetle bites you!!
* * * LOW HITPOINT WARNING * * *
Okay, then.
There is a stone staircase leading up here.
The boulder beetle leaps!
There is a stone staircase leading down here.
Aiming: Minor Destruction (1% risk of failure)
Press: ? - help, Q - select action, (/) - cycle Shift-Dir - straight line, f - boulder beetle
Aim: a boulder beetle (severely wounded)
The boulder beetle resists with significant effort.
The boulder beetle leaps!
Unknown command.
You can't see any hostile targets in range.
You can't see any hostile targets in range.
The boulder beetle curls into a ball and begins rolling!
The boulder beetle hits you!!!
The boulder beetle stops rolling and uncurls.
The boulder beetle curls into a ball and begins rolling!
The boulder beetle hits you!
* * * LOW HITPOINT WARNING * * *
The boulder beetle stops rolling and uncurls.
The boulder beetle curls into a ball and begins rolling!
The boulder beetle hits you!!!
Ouch! That really hurt!
You die...

#.# #########..## #.#...#. #.#
#.## #.....#. #.# #########.#
#....... #.# #.......#.# ##.#####
##.### #.#...#.#.#######......
##....#####.#.......##.......##..
#...#...........#.##.#.####..##..
#.#.........#####.#..............
#...######...°○B@.##.#.####...#..
#..##....##.°####.......###......
#..#)####†#°#####.##.#..○.....###
#..#...#.##.○°°......##.#####.#
#..#.#.##.'.##++##..###.# ###.###
#..#.##.#####8..8##.###<# #.....#
#..##)#.)# #8....8#.....# #.....#
#...###### #!....|#.##### #.....#
#...###### #)....(#.# #.....#


You could see a boulder beetle (rolling).

Vanquished Creatures
  A hydra (D:6)
  A two-headed ogre (D:6)
  An unseen horror (D:6)
  Grinder (D:3)
  Pargi (D:4)
  3 ice beasts
  An orc warrior (D:7)
  4 sky beasts
  An ogre (D:4)
  A black bear (D:6)
  An elf zombie (Ossuary)
  A kobold brigand (D:7)
  A bullfrog (D:7)
  A scorpion (D:6)
  A wyvern skeleton (D:4)
  A centaur zombie (D:5)
  An orc priest (D:6)
  5 bullfrog zombies
  3 hounds (D:6)
  4 human zombies (Ossuary)
  4 jellies
  Crazy Yiuf (D:3)
  Jessica (D:2)
  2 centaur skeletons
  4 iguanas
  9 orc wizards (D:6)
  Ijyb (D:3)
  2 mummies (Ossuary)
  A howler monkey zombie (D:4)
  Robin (D:2)
  7 adders
  A shadow imp (D:7)
  An ufetubus (D:6)
  An adder zombie (Ossuary)
  An adder skeleton (D:4)
  2 worms
  3 dart slugs
  6 orcs
  4 ball pythons
  4 bats (D:1)
  4 endoplasms (D:1)
  7 giant cockroaches
  11 hobgoblins
  3 jackals (D:1)
  11 kobolds
  8 quokkas
  3 frilled lizards
  10 goblins
  9 hobgoblin zombies (Ossuary)
  2 jackal zombies (Ossuary)
  12 kobold zombies (Ossuary)
  5 orc zombies (Ossuary)
  5 rats
  2 rat zombies (Ossuary)
182 creatures vanquished.

Vanquished Creatures (others)
  A plant (D:2)
1 creature vanquished.

Grand Total: 183 creatures vanquished

Notes
Turn   | Place    | Note
-------+----------+-------------------------------------------
     0 | D:1      | adizb the Troll Monk began the quest for the Orb.
     0 | D:1      | Reached XP level 1. HP: 22/22 MP: 0/0
    66 | D:1      | Reached XP level 2. HP: 29/29 MP: 1/1
   253 | D:1      | Reached XP level 3. HP: 33/36 MP: 2/2
   339 | D:1      | Reached skill level 1 in Shields
   495 | D:2      | Found a burning altar of Makhleb.
   548 | D:2      | Became a worshipper of Makhleb the Destroyer
   548 | D:2      | Reached * piety under Makhleb
   548 | D:2      | Reached ** piety under Makhleb
   601 | D:2      | Noticed Jessica
   603 | D:2      | Noticed Robin
   619 | D:2      | Killed Jessica
   620 | D:2      | Reached XP level 4. HP: 31/44 MP: 3/3
   639 | D:2      | Killed Robin
   640 | D:2      | Reached skill level 1 in Invocations
  1147 | D:2      | Found a faded altar of an unknown god.
  1265 | D:3      | Reached XP level 5. HP: 52/52 MP: 4/4
  1269 | D:3      | Found an ancient bone altar of Kikubaaqudgha.
  1287 | D:3      | Reached skill level 4 in Unarmed Combat
  1421 | D:3      | Noticed Grinder
  1429 | D:3      | Paralysed by Grinder for 6 turns
  1440 | D:3      | Killed Grinder
  1441 | D:3      | Reached XP level 6. HP: 61/61 MP: 6/6
  1449 | D:3      | Found a glowing golden altar of the Shining One.
  1546 | D:3      | Found a runed translucent door.
  1547 | D:3      | Noticed Crazy Yiuf
  1554 | D:3      | Killed Crazy Yiuf
  1560 | D:3      | Identified the +6 mace of Udghir {freeze, *Noise rC++ SInv
                  | Stlth+}
  1578 | D:3      | Gained mutation: You are covered in thick fur. (AC +2)
                  | [potion of mutation]
  1578 | D:3      | Gained mutation: Your flesh is heat resistant. (rF+)
                  | [potion of mutation]
  1864 | D:3      | Noticed Ijyb
  1881 | D:3      | Killed Ijyb
  2109 | D:4      | Reached XP level 7. HP: 67/67 MP: 6/8
  2150 | D:4      | Reached *** piety under Makhleb
  2160 | D:4      | You fall into a shaft and drop 3 floors!
  2246 | D:7      | Reached skill level 5 in Unarmed Combat
  2513 | D:5      | Entered Level 5 of the Dungeon
  2564 | D:4      | Reached XP level 8. HP: 78/78 MP: 9/9
  2578 | D:4      | Noticed Pargi
  2599 | D:4      | Killed Pargi
  2673 | D:4      | Found a sand-covered staircase.
  2681 | Ossuary  | Entered an ossuary
  2753 | Ossuary  | Reached **** piety under Makhleb
  2830 | Ossuary  | Reached skill level 6 in Unarmed Combat
  3746 | D:6      | Found a large runed translucent door.
  3746 | D:6      | Found a large runed translucent door.
  3750 | D:6      | Noticed a boulder beetle
  3750 | D:6      | Noticed a two-headed ogre
  3761 | D:6      | Found a large runed translucent door.
  3761 | D:6      | Found a large runed translucent door.
  3787 | D:6      | Reached skill level 5 in Invocations
  3827 | D:6      | Reached ***** piety under Makhleb
  3880 | D:6      | Reached XP level 9. HP: 85/85 MP: 11/11
  3884 | D:6      | Reached skill level 7 in Unarmed Combat
  3901 | D:6      | Killed an unseen horror
  3998 | D:6      | Noticed a six-headed hydra
  4056 | D:6      | Found a staircase to the Ecumenical Temple.
  4258 | D:6      | Reached skill level 5 in Fighting
  4336 | D:6      | Reached skill level 5 in Dodging
  4406 | D:6      | Killed a seven-headed hydra
  4407 | D:6      | Reached skill level 8 in Unarmed Combat
  4512 | D:6      | Killed a two-headed ogre
  4513 | D:6      | Reached XP level 10. HP: 77/96 MP: 12/14
  4602 | D:6      | Annihilated by a boulder beetle

Illustrated notes

Levels and vault maps discovered:
D:1:      minmay_arrival_split_and_join, layout_rooms, minmay_misc_feat_enclosed
D:2:      layout_basic, shapermc_ecumenical_altar_petra, basic_altar,
          uniq_robin, uniq_jessica
D:3:      layout_loops_corners, tso_oasis_becter, kiku_gazebo_pond_becter,
          uniq_crazy_yiuf_cottage, uniq_grinder, uniq_ijyb
D:4:      layout_cave_pools, chequers_ossuary_entry_cave, minmay_bent,
          uniq_pargi
D:5:      layout_basic, minmay_misc_feat_nine_boxes
D:6:      minmay_flawed_box, layout_loops_cross,
          minmay_temple_entry_drinking_statues, minmay_hollow_rounded_squares
D:7:      layout_cave_pods, zin_academy, minivault_4

Skill      XL: |  1  2  3  4  5  6  7  8  9 |
---------------+----------------------------+-----
Shields        | 1 2 3 4 |  4.5
Dodging        | 3 4 5 |  5.3
Invocations    | 1 2 3 5 6 |  6.8
Fighting       | 3 4 5 |  5.3
Unarmed Combat | 4 5 6 8 |  8.4
Stealth        | |  1.0

Action                   |  1- 3 |  4- 6 |  7- 9 | 10-12 || total
-------------------------+-------+-------+-------+-------++-------
Melee: Unarmed           |    76 |    86 |   312 |    22 ||   496
       Punch             |       |     3 |    10 |     4 ||    17
Invok: Minor Destruction |       |    21 |    75 |     1 ||    97
       Major Destruction |       |       |     5 |       ||     5
       Lesser Servant of |       |       |     2 |     2 ||     4
  Use: Scroll            |       |     3 |    11 |       ||    14
       Potion            |       |     2 |       |     1 ||     3
 Stab: Sleeping          |     1 |     2 |     1 |       ||     4
       Distracted        |       |       |       |     2 ||     2
Armor: Robe              |    28 |    20 |    40 |       ||    88
       Troll leather arm |       |       |   145 |     2 ||   147
Dodge: Dodged            |    32 |    26 |   145 |     5 ||   208
